[Event "Early-Titled-Tuesday-Blitz-November-28-2023"]
[Site "Chess.com"]
[Date "2023.11.28"]
[Round "10"]
[White "baki83"]
[Black "Let_it_be_1"]
[Result "1-0"]
[WhiteElo "2822"]
[BlackElo "2669"]
[TimeControl "180+1"]
[EndTime "10:01:18 PST"]
[Termination "baki83 won by resignation"]

1. e4 e6 2. d4 d5 3. Nc3 Nf6 4.
e5 Ne4 5. Nxe4 dxe4 6. Ne2 c5 7. Be3 Nc6 8. Qd2 cxd4 9. Nxd4 Nxe5 10. O-O-O a6 11.
Kb1 Be7 12. Be2 O-O 13. Qc3 Qe8 14. h4 Bd7 15. Nxe6 Bxe6 16. Qxe5 Qc6 17. Bd4 Bf6 18. Qg3 Bxa2+ 19. Kxa2 Qa4+ 20. Qa3 Qxc2 21. Bxf6 Qxe2 22. Qg3 g6 23. h5 Rac8 24. Qe3 Qb5 25. Rc1 Rxc1 26.
Rxc1 Qxh5 27. Qxe4 Qb5 28. Kb1 Re8 29. Qf3 h6 30. Bc3 f5 31. Rd1 Kh7 32. Qf4 Re7 33. Qd4 g5 34. Qh8+ 1-0

[Event "Early-Titled-Tuesday-Blitz-November-28-2023"]
[Site "Chess.com"]
[Date "2023.11.28"]
[Round "10"]
[White "carokannlover213"]
[Black "scarabee43"]
[Result "0-1"]
[WhiteElo "2685"]
[BlackElo "2830"]
[TimeControl "180+1"]
[EndTime "10:01:20 PST"]
[Termination "scarabee43 won by resignation"]

1. e4 c5 2. Nf3 e6 3. d4 cxd4 4.
Nxd4 Nc6 5. Nc3 Qc7 6. Be3 a6 7. Qf3 b5 8. O-O-O Bb7 9. Nxc6 Bxc6 10. a3 Nf6 11. Bd3 b4 12. axb4 Bxb4 13. Bd4 e5 14. Qg3 d6 15. Qxg7 exd4 16. Qxf6 dxc3 17. Qxh8+ Ke7 18.
Qxh7 Qa5 19. Kb1 cxb2 20. c3 Bxc3 21. Bc4 Qa1+ 22. Kc2 Ba4+ 23. Kd3 Bxd1 24. Qxf7+ Kd8 25. Qf8+ Kc7 26. Qe7+ Kb6 27. Qxd6+ Ka5 28. Qc7+ Ka4 29. Qc6+ Ka3 30. Qd6+ Bb4 31. Qd4 b1=Q+ 32. Ke3 Qxd4+ 33. Kxd4 Qb2+ 0-1

[Event "Early-Titled-Tuesday-Blitz-November-28-2023"]
[Site "Chess.com"]
[Date "2023.11.28"]
[Round "10"]
[White "GMJustin"]
[Black "KNVB"]
[Result "0-1"]
[WhiteElo "2315"]
[BlackElo "2707"]
[TimeControl "180+1"]
[EndTime "10:01:20 PST"]
[Termination "KNVB won on time"]

1. d4 e5 2. dxe5 Nc6 3. Nf3 Qe7 4. Nc3 Nxe5 5. Nd5 Nxf3+ 6. gxf3 Qd8 7. Bf4 d6 8. e4 Nf6 9. Bc4 Nxd5 10. Bxd5 c6 11. Bb3 Be6 12. Qd2 Qe7 13. O-O-O O-O-O 14. Qd4 a6 15. Qa7 Qc7 16. Be3 c5 17. Bd5 Bxd5 18.
Rxd5 Be7 19. Rhd1 Qc6 20. e5 dxe5 21. Rxd8+ Rxd8 22. Rxd8+ Bxd8 23. Qxc5 Qxc5 24. Bxc5 Kd7 25. c4 Ke6 26. Kd2 Kf5 0-1

[Event "Early-Titled-Tuesday-Blitz-November-28-2023"]
[Site "Chess.com"]
[Date "2023.11.28"]
[Round "10"]
[White "vovachesss"]
[Black "dropstoneDP"]
[Result "0-1"]
[WhiteElo "2855"]
[BlackElo "2969"]
[TimeControl "180+1"]
[EndTime "10:01:25 PST"]
[Termination "dropstoneDP won on time"]

1. d4 d5 2. c4 e6 3. Nc3 Nf6 4.
cxd5 exd5 5. Bf4 c6 6. e3 Bf5 7.
Bd3 Bxd3 8. Qxd3 Bd6 9. Nge2 O-O 10. O-O Re8 11. Rab1 Na6 12. a3 Nc7 13. b4 a6 14.
Na4 Ne4 15. Nc5 Bxf4 16. Nxf4 Nd6 17. a4 g6 18. Rfc1 Qe7 19. Qc2 Kg7 20. Nxb7 Nxb7 21.
Qxc6 Ne6 22. Nxd5 Qg5 23. Qxb7 Rab8 24. h4 Qh5 25. Qc6 Rec8 26. Qxa6 Rxc1+ 27. Rxc1 Qxd5 28. b5 Qe4 29. Qc6 Qxh4 30. d5 Ng5 31. Qc3+ Kh6 32. Qe5 Ra8 33. b6 Rxa4 34. b7 Rg4 35. Qh2 Nf3+ 36.
Kf1 Qxh2 37. gxf3 Rg1+ 38. Ke2 Rxc1 0-1

[Event "Early-Titled-Tuesday-Blitz-November-28-2023"]
[Site "Chess.com"]
[Date "2023.11.28"]
[Round "10"]
[White "Andrii_Prydun"]
[Black "FMStan15"]
[Result "1/2-1/2"]
[WhiteElo "2382"]
[BlackElo "2090"]
[TimeControl "180+1"]
[EndTime "10:01:26 PST"]
[Termination "Game drawn by agreement"]

1. e4 e6 2. c4 d5 3. cxd5 exd5 4.
exd5 Nf6 5. Nc3 Nxd5 6. d4 Nxc3 7. bxc3 Bd6 8. Nf3 O-O 9. Bd3 Re8+ 10. Be3 Bg4 11. O-O Nd7 12. Qc2 Bxf3 13. gxf3 h6 14.
Kh1 Qh4 15. f4 Bxf4 16. Bxf4 Qxf4 17. Qd1 Nf6 18. f3 Re3 19. Rf2 Rae8 20. Rb1 Nd5 21. Rc1 Nxc3 22. Qd2 Nd5 23. Be4 c6 24. Rg2 f5 25. Bxd5+ cxd5 26. Rcg1 Qxf3 27. Qb4 b6 28. Qb5 Re2 29. Qc6 Kh7 30. Qg6+ Kh8 1/2-1/2

[Event "Early-Titled-Tuesday-Blitz-November-28-2023"]
[Site "Chess.com"]
[Date "2023.11.28"]
[Round "10"]
[White "VitaliyChayka"]
[Black "DanylaBagrov"]
[Result "0-1"]
[WhiteElo "2436"]
[BlackElo "2594"]
[TimeControl "180+1"]
[EndTime "10:01:29 PST"]
[Termination "DanylaBagrov won by resignation"]

1. d3 h5 2. e4 h4 3. f4 d5 4. Nf3 Nf6 5. Nbd2 h3 6. g3 Ng4 7. Qe2 Nc6 8. c3 dxe4 9. dxe4 e5 10. Nb3 Bd6 11. f5 g6 12. fxg6 fxg6 13. Bg5 Qd7 14. O-O-O Qf7 15. Bh4 Rxh4 16. gxh4 Qf4+ 17. Nbd2 Ne3 18.
Re1 Bc5 19. Rg1 Bg4 20. Rg3 Nxf1 21. Rxf1 O-O-O 22. Kc2 Be3 23. Nc4 Qxe4+ 24. Kb3 Be6 25. Nd2 Rxd2 26. Rf8+ Rd8 27. Rxd8+ Kxd8 28. Rxe3 Bxc4+ 29. Qxc4 Na5+ 0-1

[Event "Early-Titled-Tuesday-Blitz-November-28-2023"]
[Site "Chess.com"]
[Date "2023.11.28"]
[Round "10"]
[White "andrzej"]
[Black "Predator0608"]
[Result "0-1"]
[WhiteElo "2460"]
[BlackElo "2601"]
[TimeControl "180+1"]
[EndTime "10:01:32 PST"]
[Termination "Predator0608 won on time"]

1. e4 e5 2. Nf3 Nc6 3. Bb5 a6 4. Ba4 Nf6 5. O-O Nxe4 6. d4 b5 7. Bb3 d5 8. dxe5 Be6 9. c3 Bc5 10. Nbd2 Nxf2 11. Rxf2 Bxf2+ 12. Kxf2 O-O 13. Kg1 f6 14.
exf6 Qxf6 15. Nf1 Ne5 16. Bxd5 Rad8 17. Bxe6+ Qxe6 18. Nd4 Qf6 19. Qe2 c5 20. Be3 cxd4 21. Bxd4 Rde8 22. Ne3 Qg5 23. Rf1 Rf4 24. a4 Nc4 25.
axb5 axb5 26. Qd3 Nxe3 27. Bxe3 Rxf1+ 28. Kxf1 Qxe3 29. Qxb5 Rf8+ 0-1

[Event "Early-Titled-Tuesday-Blitz-November-28-2023"]
[Site "Chess.com"]
[Date "2023.11.28"]
[Round "10"]
[White "vi_pranav"]
[Black "Meri-Arabidze"]
[Result "1-0"]
[WhiteElo "3023"]
[BlackElo "2694"]
[TimeControl "180+1"]
[EndTime "10:01:33 PST"]
[Termination "vi_pranav won on time"]

1. e4 c5 2. Nf3 e6 3. d4 cxd4 4.
Nxd4 Nc6 5. Nc3 a6 6. Be2 Qc7 7. O-O Nf6 8. a4 Be7 9. Be3 d6 10. f4 O-O 11. Kh1 Bd7 12. Qe1 Rac8 13. Qg3 Nb4 14.
Rac1 Qb8 15. Rf2 Rxc3 16. bxc3 Nxe4 17. Qf3 Nxf2+ 18. Bxf2 Nc6 19. Rb1 Rc8 20. Bd3 g6 21. Bxa6 Na5 22. h3 Bxa4 23. Rb4 Be8 24. Bxb7 Rc7 25.
Ba6 Qd8 26. Nb3 Nc6 27. Re4 d5 28. Re1 Nb8 29. Bd3 Nd7 30. f5 exf5 31. Qxd5 Nf6 32.
Qa5 Rc8 33. Bb6 Qd7 34. Bd4 Nd5 35. Rxe7 Nxe7 36. Qe5 f6 37. Qxf6 Nd5 38. Qh8+ Kf7 39. c4 1-0

[Event "Early-Titled-Tuesday-Blitz-November-28-2023"]
[Site "Chess.com"]
[Date "2023.11.28"]
[Round "10"]
[White "sokidze"]
[Black "snowlord"]
[Result "0-1"]
[WhiteElo "2760"]
[BlackElo "2881"]
[TimeControl "180+1"]
[EndTime "10:01:35 PST"]
[Termination "snowlord won by resignation"]

1. e4 e6 2. d4 d5 3. Nd2 a6 4.
Bd3 c5 5. dxc5 Bxc5 6. Ngf3 Nc6 7. exd5 exd5 8. O-O Nf6 9. Qe2+ Be6 10. Nb3 Ba7 11.
Be3 d4 12. Bg5 O-O 13. Nfd2 h6 14. Bh4 g5 15. Bg3 Bg4 16. Qe1 Re8 17. Qc1 Rc8 18. h3 Nb4 19. hxg4 Nxd3 20. Qd1 Nxb2 21. Qf3 Rxc2 22.
Qxb7 Qd7 23. Qxa6 Re6 24. Qa5 Nd5 25. Rac1 Rc3 26. Nc4 Nxc4 0-1

[Event "Early-Titled-Tuesday-Blitz-November-28-2023"]
[Site "Chess.com"]
[Date "2023.11.28"]
[Round "10"]
[White "stratacticos"]
[Black "GoValya"]
[Result "1-0"]
[WhiteElo "1772"]
[BlackElo "2194"]
[TimeControl "180+1"]
[EndTime "10:01:35 PST"]
[Termination "stratacticos won by resignation"]

1. e4 g6 2. d4 Bg7 3. c3 c5 4. dxc5 Qc7 5. Be3 Nf6 6. Nd2 O-O 7. Be2 Nc6 8. Ngf3 Ng4 9. Bg5 Re8 10. h3 Nge5 11. O-O d6 12. cxd6 Qxd6 13. Nxe5 Nxe5 14.
Nf3 Qb6 15. Nxe5 Bxe5 16. Qc2 Be6 17. Be3 Qc7 18. f4 Bd6 19. f5 Bc4 20. Bxc4 Qxc4 21. Bd4 Rac8 22. Qd2 Bc5 23. fxg6 hxg6 24. Bxc5 Qxc5+ 25. Qf2 Qc4 26. b3 Qe6 27. c4 Rf8 28. Qxa7 Qxe4 29.
Rae1 Qc2 30. Rxe7 Rcd8 31. Qxb7 Rd2 32. Rexf7 Rxg2+ 33. Qxg2 Qxg2+ 34. Kxg2 Rxf7 35. Rxf7 Kxf7 36. Kf3 Ke6 37. Ke4 Kd6 38. b4 Kc6 39. h4 1-0

[Event "Early-Titled-Tuesday-Blitz-November-28-2023"]
[Site "Chess.com"]
[Date "2023.11.28"]
[Round "10"]
[White "RamonManon0g"]
[Black "Nf3c5"]
[Result "1-0"]
[WhiteElo "2372"]
[BlackElo "2498"]
[TimeControl "180+1"]
[EndTime "10:01:37 PST"]
[Termination "RamonManon0g won on time"]

1. e4 c5 2. Nf3 a6 3. Nc3 b5 4. d4 cxd4 5. Nxd4 e6 6. a3 Qb6 7.
Be3 Qc7 8. Bd3 Nf6 9. O-O Bb7 10. Qe2 Nc6 11. Ndxb5 axb5 12. Nxb5 Qb8 13. Bb6 Bd6 14.
b4 O-O 15. Nxd6 Qxd6 16. Bc5 Qc7 17. Bxf8 Rxf8 18. f4 d6 19. b5 Nd4 20. Qf2 e5 21. h3 Ne6 22. fxe5 dxe5 23. Rfe1 Nc5 24. a4 Ncxe4 25.
Qf5 Qc5+ 26. Kh2 Nd6 27. Qxe5 Qf2 28. Re2 Qh4 29. Qxd6 h5 30. Rae1 g6 31. Rf1 Kg7 32. Qe5 Re8 33. Qc3 1-0

[Event "Early-Titled-Tuesday-Blitz-November-28-2023"]
[Site "Chess.com"]
[Date "2023.11.28"]
[Round "10"]
[White "sumopork"]
[Black "jcibarra"]
[Result "1-0"]
[WhiteElo "2842"]
[BlackElo "2899"]
[TimeControl "180+1"]
[EndTime "10:01:38 PST"]
[Termination "sumopork won on time"]

1. Nf3 Nf6 2. c4 d6 3. d4 g6 4.
Nc3 Bf5 5. Qb3 b6 6. h3 Bg7 7. g4 Bd7 8. e4 O-O 9. Be3 Nc6 10.
O-O-O Na5 11. Qc2 c5 12. d5 a6 13. g5 Nh5 14. Be2 b5 15. Nd2 Nxc4 16. Nxc4 bxc4 17. Bxh5 gxh5 18. f4 Qa5 19. e5 Rab8 20. Rdg1 Qb4 21. Bd2 Rb7 22. Ne4 Ba4 23. Nf6+ exf6 24. gxf6 Bxc2 25. Rxg7+ Kh8 26. Bxb4 Be4 27. e6 Bxd5 28. e7 Re8 29. Rhg1 Rbb8 30. Bc3 Be4 31. R7g5 d5 32. Be5 Rbc8 33. Rxh5 Bf5 34. Rxf5 1-0

[Event "Early-Titled-Tuesday-Blitz-November-28-2023"]
[Site "Chess.com"]
[Date "2023.11.28"]
[Round "10"]
[White "Nikolakis2014"]
[Black "dmosesov"]
[Result "1-0"]
[WhiteElo "2791"]
[BlackElo "2611"]
[TimeControl "180+1"]
[EndTime "10:01:38 PST"]
[Termination "Nikolakis2014 won by resignation"]

1. Nf3 Nf6 2. c4 b6 3. g3 Bb7 4. Bg2 c5 5. Nc3 e6 6. O-O a6 7.
Re1 d6 8. e4 Qc7 9. d4 cxd4 10.
Nxd4 Nbd7 11. Nd5 exd5 12. exd5+ Ne5 13. f4 g6 14. Kh1 Be7 15. fxe5 dxe5 16. Qe2 O-O 17.
Qxe5 Qxe5 18. Rxe5 Bd6 19. Re2 Rfe8 20. Bg5 Rxe2 21.
Nxe2 Nd7 22. Nc3 Re8 23. Ne4 Be5 24. Bf4 Bxf4 25. gxf4 Ba8 26. Rd1 f5 27. Ng5 Nc5 28.
b4 Nd3 29. Rxd3 Re1+ 30. Bf1 Rxf1+ 31. Kg2 Rxf4 32. Nf3 Rxc4 33. d6 Rc8 34. Kg3 Kf7 35.
Ng5+ Kf6 36. Nxh7+ Ke5 37. Ng5 Be4 38. d7 Rd8 39.
Nf7+ Kf6 40. Nxd8 Bxd3 41. Nc6 1-0

[Event "Early-Titled-Tuesday-Blitz-November-28-2023"]
[Site "Chess.com"]
[Date "2023.11.28"]
[Round "10"]
[White "Timerkhanov"]
[Black "chesstrainer2042"]
[Result "0-1"]
[WhiteElo "2664"]
[BlackElo "2550"]
[TimeControl "180+1"]
[EndTime "10:01:40 PST"]
[Termination "chesstrainer2042 won by resignation"]

1. d4 d5 2. Bf4 c5 3. e3 Nc6 4. c3 Qb6 5. Qb3 c4 6. Qxb6 axb6 7. Na3 e5 8. dxe5 Bxa3 9. bxa3 Rxa3 10. Ne2 Nge7 11. Bg3 Ng6 12. f4 b5 13. Rb1 Rxa2 14.
Rxb5 Nge7 15. Rb1 O-O 16. Nd4 Nf5 17. Bf2 Nfxd4 18. exd4 Bf5 19. Rc1 Rfa8 20. Be2 Be4 21. Bf3 Bxf3 22. gxf3 Rb2 23. O-O Raa2 24. Rb1 g6 25. f5 gxf5 26. Rxb2 Rxb2 27. Ra1 Rc2 28. Bh4 Kg7 29. Ra8 Rxc3 30. Bf6+ Kh6 31. Rg8 Rxf3 32. Kg2 Rd3 33. Bg5+ Kh5 34. Bf4 h6 35. Rh8 Kg4 36.
Bxh6 f4 37. Rg8+ Kf5 38. Rg5+ Ke4 39. Rg4 Rf3 40. Rg7 c3 0-1

[Event "Early-Titled-Tuesday-Blitz-November-28-2023"]
[Site "Chess.com"]
[Date "2023.11.28"]
[Round "10"]
[White "Mouse-Sleep"]
[Black "emeli_chess"]
[Result "1-0"]
[WhiteElo "2549"]
[BlackElo "2372"]
[TimeControl "180+1"]
[EndTime "10:01:40 PST"]
[Termination "Mouse-Sleep won on time"]

1. Nf3 f5 2. g3 Nf6 3. Bg2 g6 4.
O-O Bg7 5. d4 O-O 6. Nbd2 d6 7.
Re1 c6 8. e4 fxe4 9. Nxe4 Nxe4 10. Rxe4 Bf5 11. Re1 Nd7 12. c3 d5 13. Ng5 e5 14. dxe5 Nxe5 15. Be3 h6 16. Nh3 g5 17. f4 Nc4 18. Bd4 Bxd4+ 19. Qxd4 Qb6 20. Qxb6 axb6 21. b3 Nd6 22. fxg5 Bxh3 23. Bxh3 hxg5 24. Re7 Rae8 25. Rae1 Ne4 26. Rxe8 Rxe8 27. c4 Kf7 28. cxd5 cxd5 29. Rc1 Kf6 30. Bg2 Ke5 31. Rc7 d4 32. Rd7 Nd6 33.
Bf1 Kd5 34. Kf2 Kc6 35. Rg7 Ne4+ 36. Kg2 Nc3 37. Rxg5 Nxa2 38. Bb5+ 1-0

[Event "Early-Titled-Tuesday-Blitz-November-28-2023"]
[Site "Chess.com"]
[Date "2023.11.28"]
[Round "10"]
[White "Magila31"]
[Black "Ramla2020"]
[Result "0-1"]
[WhiteElo "2356"]
[BlackElo "2532"]
[TimeControl "180+1"]
[EndTime "10:01:42 PST"]
[Termination "Ramla2020 won by resignation"]

1. Nf3 d5 2. c4 d4 3. g3 g6 4. Bg2 Bg7 5. O-O Nh6 6. e4 dxe3 7. dxe3 O-O 8. Qe2 c5 9. Rd1 Qc7 10. Nc3 Bxc3 11. bxc3 Nc6 12. e4 Ng4 13. Bf4 e5 14.
Bg5 h6 15. Bc1 Kg7 16. h3 Nf6 17. Nh4 Be6 18. f4 Na5 19. f5 Bxc4 20. Qe3 g5 21. Nf3 Nh7 22. f6+ Kxf6 23. h4 Rg8 24. hxg5+ hxg5 25. Nh2 Be6 26. Qf3+ Kg7 27. Ng4 Rad8 28. Be3 Nc4 29.
Bf2 b6 30. Ne3 Nxe3 31. Bxe3 Qc8 32. Rf1 f6 33. Qf2 Bg4 34. Bf3 Qe6 35. Kg2 Bh3+ 36. Kh2 Bxf1 37. Rxf1 g4 38. Bd1 Ng5 39. Bxg5 fxg5 40.
Bb3 Qh6+ 41. Kg1 Rgf8 42. Qe3 Rxf1+ 0-1

[Event "Early-Titled-Tuesday-Blitz-November-28-2023"]
[Site "Chess.com"]
[Date "2023.11.28"]
[Round "10"]
[White "bazar-wokzal"]
[Black "atalz0"]
[Result "1-0"]
[WhiteElo "2624"]
[BlackElo "2484"]
[TimeControl "180+1"]
[EndTime "10:01:43 PST"]
[Termination "bazar-wokzal won by resignation"]

1. e4 d5 2. exd5 Nf6 3. Bb5+ Bd7 4. Bc4 Bg4 5. f3 Bc8 6. Nc3 Nbd7 7. Qe2 Nb6 8. Qd3 g6 9. Bb3 Bg7 10. Qb5+ Bd7 11. Qa5 O-O 12. Nge2 Re8 13. d3 e6 14. dxe6 Bxe6 15. Bg5 Qd7 16. O-O-O Nfd5 17. h4 Bf8 18. a3 Nxc3 19. Qxc3 Nd5 20. Bxd5 Qxd5 21. Nf4 Qa2 22. Kd2 Bg7 23. Bf6 Bh6 24. g3 Qd5 25. Bg5 Bxg5 26. hxg5 Qxg5 27. Rxh7 Kxh7 28. Rh1+ Qh6 29. Rxh6+ Kxh6 30. Qxc7 b6 31. Qc3 Rac8 32. Qf6 Kh7 33. Nxe6 fxe6 34.
Qf7+ Kh6 35. Qxa7 Rc6 36. c4 Rd8 37. Qe7 Rcd6 38. Qh4+ Kg7 39. Qe4 Kf7 40. Kc3 Rc8 41.
a4 Rc7 42. Qf4+ Ke7 43. Qg5+ Kf7 44. Qe5 Rcd7 45. d4 Rd8 46. g4 R8d7 47. g5 Ke8 48. Qh8+ Ke7 49. Qf6+ Ke8 50. Qxg6+ Kd8 51. Qf6+ Kc7 52. g6 1-0

[Event "Early-Titled-Tuesday-Blitz-November-28-2023"]
[Site "Chess.com"]
[Date "2023.11.28"]
[Round "10"]
[White "atbenina64"]
[Black "RodokininEV"]
[Result "1-0"]
[WhiteElo "2787"]
[BlackElo "2629"]
[TimeControl "180+1"]
[EndTime "10:01:44 PST"]
[Termination "atbenina64 won by checkmate"]

1. c4 Nf6 2. Nc3 g6 3. e4 d6 4. d4 Bg7 5. Be2 O-O 6. Be3 a5 7. Nf3 Na6 8. O-O Ng4 9. Bc1 e5 10. h3 exd4 11. Nxd4 Ne5 12. f4 Nd7 13. Be3 Nac5 14.
Bf3 Re8 15. Qd2 c6 16. Rad1 Nf6 17. Nxc6 bxc6 18. Bxc5 Bxh3 19. Bxd6 Bg4 20. e5 Bxf3 21. Rxf3 Ng4 22. Ne4 Qh4 23. Rh3 Qd8 24. Qe2 h5 25. c5 Qc8 26. Qc4 Qf5 27. Rf3 Bh6 28. Ng3 Qc8 29.
f5 Ne3 30. Qd3 Nxd1 31. fxg6 fxg6 32. Qxg6+ Bg7 33. Rf7 Qg4 34. Rxg7+ Kh8 35. Qh7# 1-0

[Event "Early-Titled-Tuesday-Blitz-November-28-2023"]
[Site "Chess.com"]
[Date "2023.11.28"]
[Round "10"]
[White "LeoLV10"]
[Black "Chessbard1972"]
[Result "0-1"]
[WhiteElo "2515"]
[BlackElo "2423"]
[TimeControl "180+1"]
[EndTime "10:01:44 PST"]
[Termination "Chessbard1972 won by checkmate"]

1. e4 c5 2. Nf3 a6 3. c4 e6 4. d4 cxd4 5. Nxd4 Nf6 6. Bd3 Qc7 7. Nc2 Bc5 8. Nc3 Nc6 9. Be3 d6 10. O-O Ne5 11. Be2 h5 12. b4 Ba7 13.
Bxa7 Rxa7 14. Ne3 Bd7 15. Qd4 Ra8 16. Rab1 Rc8 17. Rfd1 b5 18. f4 Nxc4 19. Bxc4 bxc4 20. e5 dxe5 21. fxe5 Ng4 22. Nxg4 hxg4 23. Ne4 Rd8 24. Nd6+ Kf8 25. Rbc1 Ba4 26. Rf1 f5 27. Rxc4 Qe7 28.
Qxg4 Bb5 29. Nxb5 axb5 30. Rc5 Rh4 31. Qe2 Qd7 32. Qxb5 Qd4+ 33. Kh1 Kf7 34. Rc7+ Kg6 35. Qc6 Qxe5 36. Re7 Qxh2# 0-1

[Event "Early-Titled-Tuesday-Blitz-November-28-2023"]
[Site "Chess.com"]
[Date "2023.11.28"]
[Round "10"]
[White "jens1102"]
[Black "fighter2jz"]
[Result "1-0"]
[WhiteElo "2646"]
[BlackElo "2779"]
[TimeControl "180+1"]
[EndTime "10:01:45 PST"]
[Termination "jens1102 won on time"]

1. c4 e5 2. g3 Bc5 3. Bg2 c6 4. Nc3 Nf6 5. Nf3 e4 6. Ng5 d5 7.
cxd5 cxd5 8. O-O h6 9. Nh3 h5 10. d4 h4 11. dxc5 Bxh3 12. Bxh3 hxg3 13. Bg2 gxf2+ 14.
Rxf2 Ng4 15. Rf4 Nf6 16. Rf5 Qc7 17. Bf4 Qxc5+ 18. e3 Nc6 19. Nxe4 Nxe4 20. Bxe4 Ne7 21. Rc1 Qb6 22. Qa4+ Kf8 23. Re5 dxe4 24. Qd7 Ng6 25. Rf5 f6 26. Rc7 1-0

[Event "Early-Titled-Tuesday-Blitz-November-28-2023"]
[Site "Chess.com"]
[Date "2023.11.28"]
[Round "10"]
[White "brm72"]
[Black "Quattroporte300"]
[Result "1-0"]
[WhiteElo "2535"]
[BlackElo "2410"]
[TimeControl "180+1"]
[EndTime "10:01:46 PST"]
[Termination "brm72 won by checkmate"]

1. e4 c5 2. Nf3 d6 3. d4 cxd4 4. Nxd4 Nf6 5. Nc3 a6 6. h3 e5 7. Nf3 Be7 8. g4 Be6 9. g5 Nfd7 10.
Be3 Nc6 11. h4 b5 12. Nd5 Nc5 13. Bxc5 dxc5 14. Bh3 Bxh3 15. Rxh3 O-O 16. Qd2 c4 17. c3 b4 18. h5 bxc3 19. bxc3 Qa5 20. g6 fxg6 21. h6 gxh6 22. Qxh6 Rf7 23. Kf1 Raf8 24. Kg2 Qd8 25. Rah1 Qc8 26. Qxg6+ Rg7 27. Qxg7+ Kxg7 28. Rxh7+ Kg8 29. Rh8+ Kg7 30. R1h7+ Kg6 31. Nxe5+ Kg5 32. Rg7# 1-0

[Event "Early-Titled-Tuesday-Blitz-November-28-2023"]
[Site "Chess.com"]
[Date "2023.11.28"]
[Round "10"]
[White "ammarzooqi"]
[Black "lluiss"]
[Result "0-1"]
[WhiteElo "2310"]
[BlackElo "2225"]
[TimeControl "180+1"]
[EndTime "10:01:46 PST"]
[Termination "lluiss won by resignation"]

1. e4 c5 2. Nc3 d6 3. f4 g6 4. Nf3 Bg7 5. g3 Nc6 6. Bg2 Nf6 7.
O-O O-O 8. d3 Rb8 9. Qe1 b5 10.
h3 b4 11. Nd1 Bb7 12. g4 Ne8 13. f5 a5 14. Qh4 e6 15. Bg5 f6 16. fxg6 hxg6 17. Bh6 Qe7 18. Ne3 g5 19. Qh5 Qf7 20.
Qxf7+ Rxf7 21. Bxg7 Kxg7 22. Rf2 Ba6 23. Raf1 Rbb7 24.
h4 Ne5 25. Nxe5 dxe5 26. hxg5 fxg5 27. Rxf7+ Rxf7 28. Rxf7+ Kxf7 29. Kf2 Nd6 30. Kg3 Nb5 31. c4 bxc3 32. bxc3 Nxc3 33. Bf1 Nxa2 34. Nc2 Nb4 35. Ne1 a4 36. d4 Bxf1 37. dxc5 a3 38. c6 Ke7 39. c7 Kd7 40. Nc2 Nxc2 0-1

[Event "Early-Titled-Tuesday-Blitz-November-28-2023"]
[Site "Chess.com"]
[Date "2023.11.28"]
[Round "10"]
[White "IM_ArthurDW08"]
[Black "ContrVersia"]
[Result "1-0"]
[WhiteElo "2819"]
[BlackElo "2870"]
[TimeControl "180+1"]
[EndTime "10:01:47 PST"]
[Termination "IM_ArthurDW08 won by resignation"]

1. e4 c5 2. Nf3 a6 3. c3 d5 4.
exd5 Qxd5 5. d4 Bg4 6. Be2 Nf6 7. h3 Bh5 8. c4 Qd6 9. dxc5 Qxc5 10. Be3 Qc7 11.
Nc3 e6 12. O-O Nbd7 13. Rc1 Be7 14. Nd4 Bg6 15. a3 O-O 16. b4 Rfd8 17. Qb3 e5 18. Nf3 Nf8 19. Nd5 Nxd5 20. cxd5 Qd6 21. Bc5 Qf6 22. Bc4 Rac8 23. Rfe1 Nd7 24. Be3 h6 25. a4 Qd6 26. b5 a5 27. Bf1 Qb4 28. Qa2 Bd6 29. Nd2 Nc5 30. Rc4 Nd7 31. Rxb4 Bxb4 32. Rd1 Rc2 33. Qb3 Rc3 34. Qb2 Rdc8 35. Nc4 f6 36. Rc1 Rxc1 37. Bxc1 Bf7 38. Bd2 Bxd2 39. Qxd2 b6 40. Nd6 Rc5 41. Nxf7 Kxf7 42. g3 Ke7 43.
h4 Kd6 44. Bh3 Rxd5 45. Qe2 Nc5 46. Qg4 g5 47. Qc8 Nxa4 48. Qc6+ Ke7 49. Qxd5 1-0

[Event "Early-Titled-Tuesday-Blitz-November-28-2023"]
[Site "Chess.com"]
[Date "2023.11.28"]
[Round "10"]
[White "rasmussvane"]
[Black "IwkooO"]
[Result "1-0"]
[WhiteElo "2981"]
[BlackElo "2687"]
[TimeControl "180+1"]
[EndTime "10:01:47 PST"]
[Termination "rasmussvane won by resignation"]

1. Nf3 d5 2. g3 Nf6 3. Bg2 Bf5 4. O-O e6 5. c4 c6 6. Qb3 Qb6 7. d3 Nbd7 8. cxd5 exd5 9. Qc2 Be7 10. Nc3 O-O 11. e4 Bg6 12. Be3 Qa6 13. Nh4 dxe4 14. dxe4 Bc5 15. Bf4 Bd4 16. Rad1 c5 17. Ne2 Be5 18. Bc1 Bh5 19. Bf3 Bxf3 20. Nxf3 Rfc8 21. a3 Qc6 22. Rfe1 Re8 23. Nf4 Bxf4 24. Bxf4 Nf8 25. Ne5 Qe6 26. Qxc5 Rac8 27. Qb5 a6 28. Qxb7 g5 29. Rd6 Re7 30. Qxa6 Qh3 31. Rxf6 gxf4 32. Rh6 Re6 33. Rxh3 Rxa6 34. gxf4 Rc2 35. Rg3+ Ng6 36.
f5 Ra5 37. Nd3 1-0

[Event "Early-Titled-Tuesday-Blitz-November-28-2023"]
[Site "Chess.com"]
[Date "2023.11.28"]
[Round "10"]
[White "infantaria08"]
[Black "Politov_Pavel"]
[Result "0-1"]
[WhiteElo "2197"]
[BlackElo "2133"]
[TimeControl "180+1"]
[EndTime "10:01:47 PST"]
[Termination "Politov_Pavel won by resignation"]

1. d4 d5 2. Bf4 Nf6 3. e3 g6 4. Nc3 Bg7 5. h4 a6 6. Nf3 Bg4 7. Be2 h5 8. Ne5 Bxe2 9. Qxe2 e6 10. f3 Nfd7 11. O-O-O c5 12. g4 hxg4 13. fxg4 Nxe5 14. dxe5 Rxh4 15. Rxh4 Qxh4 16. Qg2 Nc6 17. Rh1 Qe7 18. Rh7 Qf8 19. Qh2 O-O-O 20. Na4 Kc7 21. Nc3 Rd7 22. Nd1 d4 23. Nf2 dxe3 24. Bxe3 Bxe5 25. Bf4 Bxf4+ 26. Qxf4+ e5 27. Qf6 Qg8 28. Ne4 Qxh7 29. Nxc5 Qh1+ 0-1

[Event "Early-Titled-Tuesday-Blitz-November-28-2023"]
[Site "Chess.com"]
[Date "2023.11.28"]
[Round "10"]
[White "mishanick"]
[Black "BogdanDeac"]
[Result "0-1"]
[WhiteElo "3056"]
[BlackElo "3004"]
[TimeControl "180+1"]
[EndTime "10:01:49 PST"]
[Termination "BogdanDeac won on time"]

1. d4 d5 2. c4 dxc4 3. Nf3 Nf6 4. e3 e6 5. Bxc4 a6 6. O-O c5 7. Qe2 b5 8. Bd3 cxd4 9. a4 bxa4 10. Rd1 Bb7 11. Rxa4 Be7 12. Rxd4 Qb6 13. Nbd2 Nc6 14.
Rh4 Nb4 15. Nc4 Qc7 16. Bb1 h6 17. e4 Rd8 18. Re1 a5 19. e5 Nfd5 20. Rg4 Ba6 21.
Nfd2 g5 22. Qf3 Nf4 23. Nd6+ Bxd6 24. exd6 Qxd6 25. Ne4 Ne2+ 26. Qxe2 Bxe2 27. Nxd6+ Rxd6 28. Rg3 Bd3 29. Be3 Bxb1 0-1

[Event "Early-Titled-Tuesday-Blitz-November-28-2023"]
[Site "Chess.com"]
[Date "2023.11.28"]
[Round "10"]
[White "FairChess_on_YouTube"]
[Black "kuli4ik"]
[Result "1-0"]
[WhiteElo "3083"]
[BlackElo "2876"]
[TimeControl "180+1"]
[EndTime "10:01:50 PST"]
[Termination "FairChess_on_YouTube won by checkmate"]

1. d4 Nf6 2. c4 e6 3. Nf3 d5 4. Bg5 dxc4 5. e4 c5 6. Nc3 cxd4 7. Qxd4 Qxd4 8. Nxd4 a6 9. Bxc4 Bb4 10. f3 Nbd7 11.
Rc1 b5 12. Be2 Bb7 13. Kf2 Bxc3 14. bxc3 Nb6 15. c4 Nxc4 16. Bxc4 bxc4 17. Rxc4 Rc8 18.
Rhc1 Rxc4 19. Rxc4 Kd7 20. Nb3 Kd6 21. Bc1 Bc6 22. e5+ Kxe5 23. Rxc6 Rd8 24. Rxa6 Rc8 25. Bb2+ Kf5 26. Bxf6 Rc2+ 27. Kg3 Kxf6 28. a4 h5 29.
a5 Ra2 30. Ra8 g5 31. a6 Ra3 32. a7 h4+ 33. Kh3 Kf5 34. Nd4+ Kf4 35. Nxe6+ fxe6 36. Rf8+ Ke3 37. a8=Q Rxa8 38. Rxa8 Kf2 39. Rg8 Kg1 40. Rxg5 e5 41. Rxe5 Kf2 42. f4 Kg1 43. f5 Kf2 44. f6 Kg1 45. Rf5 Kh1 46. Rf1# 1-0